 Dungeon Crawl Stone Soup version 0.28-a0-1213-g0243856f03 (webtiles) character file.

Game seed: 872828093281261153

10 jtrev the Cudgeller (level 2, -2/28 HPs)
             Began as a Gargoyle Berserker on Dec 21, 2021.
             Was a Follower of Trog.
             Slain by a quokka (4 damage)
             ... on level 1 of the Dungeon.
             The game lasted 00:00:36 (173 turns).

jtrev the Cudgeller (Gargoyle Berserker)             Turns: 173, Time: 00:00:36

Health: -2/28      AC:  4    Str: 20    XL:     2   Next: 20%
Magic:  2/2        EV: 11    Int:  7    God:    Trog [*.....]
Gold:   6          SH:  0    Dex:  9    Spells: 1/1 levels left

rFire   . . .      SeeInvis .   a - +0 mace
rCold   . . .      Faith    .   (no shield)
rNeg    + . .      Spirit   .   b - +0 animal skin
rPois   ∞          Reflect  .   (no helmet)
rElec   +          Harm     .   (no cloak)
rCorr   .          Rampage  .   (no gloves)
Will    .....                   (no boots)
Stlth   ..........              (no amulet)
HPRegen 0.09/turn               (no ring)
MPRegen 0.08/turn               (no ring)

@: berserking, very quick
A: sickness immunity, AC +2, negative energy resistance 1, electricity
resistance, torment resistance 1, petrification resistance
a: Renounce Religion, Berserk


You were on level 1 of the Dungeon.
You worshipped Trog.
Trog was aware of your devotion.
You visited 1 branch of the dungeon, and saw 1 of its levels.

You collected 6 gold pieces.

Inventory:

Hand Weapons
 a - a +0 mace (weapon)
Armour
 b - a +0 animal skin (worn)


   Skills:
 - Level 3.2 Fighting
 + Level 3.6 Maces & Flails
 - Level 2.1 Armour
 - Level 1.5 Dodging


You had one spell level left.
You didn't know any spells.
Your spell library was empty.

Dungeon Overview and Level Annotations

Branches:
Dungeon (1/15)

Altars:


Innate Abilities, Weirdness & Mutations

You are immune to sickness and miasma.
Your stone body is resilient. (AC +2)
You are immune to poison.
You resist negative energy. (rN+)
You are resistant to electric shocks. (rElec)
You are resistant to unholy torment.
You are immune to petrification.


Message History

The kobold barely misses you.
Unknown command.
You hit the kobold.
You kill the kobold!
Trog accepts your kill.
The quokka bites you but does no damage.
The quokka barely misses you.
Unknown command.
The quokka closely misses you.
You see here a +0 short sword.
Unknown command.
Found 15 sling bullets.
The quokka closely misses you.
Unknown command.
The dart slug bites you but does no damage.
Unknown command.
Unknown command.
You hit the dart slug.
The quokka bites you but does no damage.
The quokka barely misses you. The dart slug launches a dart at you.
The slug dart misses you.
Unknown command.
You hit the dart slug but do no damage. The quokka barely misses you.
The dart slug closely misses you.
Unknown command.
You hit the dart slug. The quokka barely misses you.
Unknown command.
You hit the dart slug but do no damage.
The quokka bites you but does no damage.
The dart slug bites you but does no damage.
The quokka bites you but does no damage.
Unknown command.
You hit the dart slug. The quokka bites you.
* * * LOW HITPOINT WARNING * * *
The dart slug misses you.
You barely miss the quokka. The quokka barely misses you. The quokka bites you.
* * * LOW HITPOINT WARNING * * *
The dart slug closely misses you.
A red film seems to cover your vision as you go berserk!
You feel yourself moving faster!
You feel mighty!
The quokka bites you but does no damage.
The dart slug launches a dart at you.
The slug dart hits you but does no damage.
You closely miss the quokka. The quokka bites you.
* * * LOW HITPOINT WARNING * * *
You closely miss the quokka. The quokka closely misses you.
The dart slug bites you but does no damage.
Unknown command.
You hit the quokka. The quokka bites you.
You die...

. .. (.. ..#### ###....
......##........
#..@.## ...
##wr..###...
.####..)#.......
.##......).....)..#
.....#####.......# ...
#.#. ##.........
.....##...###..........
r....#..#..##..........
...(...###.##..........


You could see a dart slug and a quokka.

Vanquished Creatures
  4 ball pythons (D:1)
  A bat (D:1)
  A hobgoblin (D:1)
  A frilled lizard (D:1)
  A goblin (D:1)
  2 kobolds (D:1)
10 creatures vanquished.

Notes
Turn   | Place    | Note
-------+----------+-------------------------------------------
     0 | D:1      | jtrev the Gargoyle Berserker began the quest for the Orb.
     0 | D:1      | Reached XP level 1. HP: 14/14 MP: 1/1
   133 | D:1      | Reached XP level 2. HP: 18/19 MP: 2/2
   173 | D:1      | Slain by a quokka

Illustrated notes

Levels and vault maps discovered:
D:1:      shiori_arrival_maze, layout_rooms

Action                   || total
-------------------------++-------
Melee: Mace              ||    34
Invok: Berserk           ||     1
 Stab: Sleeping          ||     1
Armor: Animal skin       ||    14
Dodge: Dodged            ||    24

Table legend: (Time is in decaauts)
 A = Elapsed time spent in this place.
 B = Non-inter-level travel time spent in this place.
 C = Inter-level travel time spent in this place.
 D = Time resting spent in this place.
 E = Time spent auto-exploring this place.
 F = Levels seen in this place.
 G = Mean time per level.
                   A        B        C        D        E       F      G
               +--------+--------+--------+--------+--------+-----+--------+
         Total |    179 |    179 |      0 |      0 |    115 |   1 |  179.0 |
       Dungeon |    179 |    179 |      0 |      0 |    115 |   1 |  179.0 |
               +--------+--------+--------+--------+--------+-----+--------+

Top non-repeatable levels by time:
     D:1: 179 daAuts
